 Dungeon Crawl Stone Soup version 0.18-a0-1643-gb89d9db (webtiles) character file.

486 4thArraOfDagon the Cudgeler (level 7, -1/71 HPs)
             Began as an Ogre Hunter on Mar 28, 2016.
             Was a Believer of Cheibriados.
             Succumbed to a centaur's poison
             ... on level 5 of the Dungeon.
             The game lasted 00:09:42 (1701 turns).

4thArraOfDagon the Cudgeler (Ogre Hunter)           Turns: 1701, Time: 00:09:43

Health: -1/71      AC:  6    Str: 20    XL:     7   Next: 13%
Magic:  5/9        EV: 11    Int: 16    God:    Cheibriados [**....]
Gold:   164        SH:  0    Dex: 14    Spells: 0 memorised, 6 levels left

rFire  . . .     SeeInvis +     c - +0 dire flail
rCold  . . .     Gourm    .     b - +0 robe
rNeg   . . .     Faith    .     (shield currently unavailable)
rPois  .         Spirit   .     (helmet restricted)
rElec  .         Dismiss  .     (no cloak)
rCorr  +         Reflect  .     (gloves unavailable)
SustAt .         Harm     .     (boots unavailable)
MR     .....                    (no amulet)
Stlth  +.........               d - ring of see invisible
                                l - ring of resist corrosion (curse)

@: lethally poisoned (-1 -> -22), very slow, not resistant to hostile
enchantments, very unstealthy
A: unfitting armour, hooves 1, horns 1, icy blue scales 1, thin metallic scales
1, tough skin 1, weak 1
a: Bend Time, Renounce Religion


You were on level 5 of the Dungeon.
You worshipped Cheibriados.
Cheibriados was pleased with you.
You were not hungry.

You visited 1 branch of the dungeon, and saw 5 of its levels.
You also visited: Ossuary.

You collected 164 gold pieces.

Inventory:

Hand Weapons
 c - a +0 dire flail (weapon)
 h - a +2 mace of venom
 k - a +0 flail
Armour
 b - a +0 robe (worn)
Jewellery
 d - a ring of see invisible (right hand)
 l - a cursed ring of resist corrosion (left hand)
Scrolls
 g - a scroll of noise
 i - a scroll of identify
Books
 e - a book of Clouds

   Spells                             Type                      Level
   a - Mephitic Cloud                 Conjuration/Poison/Air       3
   b - Conjure Flame                  Conjuration/Fire             3
   c - Poisonous Cloud                Conjuration/Poison/Air       6
   d - Freezing Cloud                 Conjuration/Ice/Air          6
   e - Ring of Flames                 Charms/Fire                  7
Comestibles
 a - a beef jerky
 f - 3 bread rations
 j - a meat ration


   Skills:
 + Level 4.9 Fighting
 * Level 6.2 Maces & Flails
 - Level 4.0 Throwing
 + Level 2.9 Dodging
 - Level 0.7 Stealth
 + Level 3.2 Invocations


You had 6 spell levels left.
You didn't know any spells.

Dungeon Overview and Level Annotations

Branches:
Dungeon (5/15)             Temple (0/1) D:5

Altars:
Cheibriados
Nemelex Xobeh
Qazlal

Annotations:
D:4 Eustachio, Sigmund


Innate Abilities, Weirdness & Mutations

You are too large for most types of armour.
You have tough skin (AC +1).
You have large cloven feet.
You have a pair of small horns on your head.
You are partially covered in icy blue scales (AC +1).
You are partially covered in thin metallic scales (AC +2).
You are weak. (Str -2)


Message History

Unknown command.
You sock the centaur!
You kill the centaur!
Cheibriados thoroughly appreciates the change of pace.
Your Maces & Flails skill increases to level 6!
You have reached level 7!
* * * LOW HITPOINT WARNING * * *
You feel sick.
Unknown command.
Unknown command.
You aren't carrying any potions.
Unknown command.
Enter note: RIP
* * * LOW HITPOINT WARNING * * *
You feel sick.
Items here: ( )) [ an uncursed mace of venom; an uncursed shortbow; 3 arrows of flame; a robe Unknown command.
h - an uncursed mace of venom You die...

...# #.#.# #.#
...#####.#.######.###
...........#........####
#.######...............#
#...# #####.####.#.##.#
###.########.####.#.##.###
.............##..........#
###.#######......<.....#.#
###.######...((.@...####.#
.............##.##..# #.#
###.#####....##.##..# #.#
#.# #.#.........# #.#
#.#***#.#..##.##.## #.#
#..,,*#.#..##.>...* #.#
###*,*#.#......,..* #.#
#### *,*#.#.#####**,*
#.###..### *****,*#.#.#
*,* #.....≈≈≈#


There were no monsters in sight!

Vanquished Creatures
  Edmund (D:5)
  A centaur (D:5)
  An elf zombie (Ossuary)
  An orc priest (D:4)
  An orc wizard (D:4)
  A big kobold zombie (Ossuary)
  A gnoll (D:3)
  6 adders
  An adder zombie (Ossuary)
  2 worms
  A dart slug (D:2)
  6 orcs
  3 giant cockroaches
  4 goblins
  3 hobgoblins
  4 jackals (D:3)
  A quokka (D:3)
  5 bats
  2 giant newts (D:2)
  9 hobgoblin zombies (Ossuary)
  A jackal zombie (Ossuary)
  A kobold (D:3)
  6 kobold zombies (Ossuary)
  6 orc zombies (Ossuary)
  5 rats
73 creatures vanquished.

Notes
Turn   | Place    | Note
--------------------------------------------------------------
     0 | D:1      | 4thArraOfDagon the Ogre Hunter began the quest for the Orb.
     0 | D:1      | Reached XP level 1. HP: 22/22 MP: 1/1
    37 | D:1      | Reached skill level 1 in Maces & Flails
    73 | D:2      | Found a sparkling altar of Nemelex Xobeh.
   159 | D:2      | Found a snail-covered altar of Cheibriados.
   163 | D:2      | MEH
   168 | D:2      | Reached skill level 2 in Maces & Flails
   173 | D:2      | Became a worshipper of Cheibriados the Contemplative
   221 | D:2      | Reached XP level 2. HP: 10/29 MP: 2/2
   368 | D:3      | Gained mutation: You are weak. (Str -2) [potion of mutation]
   368 | D:3      | Gained mutation: You have a pair of small horns on your head. [potion of mutation]
   368 | D:3      | Gained mutation: You have large cloven feet. [potion of mutation]
   369 | D:3      | Gained mutation: You are partially covered in icy blue scales (AC +1). [potion of mutation]
   369 | D:3      | Gained mutation: You are partially covered in thin metallic scales (AC +2). [potion of mutation]
   375 | D:3      | Reached XP level 3. HP: 8/37 MP: 3/3
   384 | D:3      | Reached skill level 3 in Maces & Flails
   456 | D:3      | Reached * piety under Cheibriados
   510 | D:3      | Reached XP level 4. HP: 14/45 MP: 4/4
   512 | D:3      | Reached skill level 1 in Invocations
   864 | D:3      | Found a faded altar to an unknown god.
   891 | D:4      | Found a sand-covered staircase.
   897 | D:4      | Reached skill level 4 in Maces & Flails
   906 | Ossuary  | Entered an ossuary
   978 | Ossuary  | Reached ** piety under Cheibriados
   983 | Ossuary  | Reached XP level 5. HP: 45/54 MP: 6/6
  1066 | Ossuary  | Was placed under penance by Cheibriados
  1084 | Ossuary  | HP: 1/54 [human zombie (3)]
  1085 | D:4      | Was forgiven by Cheibriados
  1265 | D:4      | Noticed Sigmund
  1274 | D:4      | Noticed Eustachio
  1290 | D:4      | Reached skill level 5 in Maces & Flails
  1290 | D:4      | Reached XP level 6. HP: 59/62 MP: 7/7
  1327 | D:5      | Entered Level 5 of the Dungeon
  1368 | D:5      | Noticed a steam dragon
  1473 | D:5      | Noticed Edmund
  1497 | D:5      | Killed Edmund
  1527 | D:5      | Found a staircase to the Ecumenical Temple.
  1598 | D:4      | Found a stormy altar of Qazlal.
  1699 | D:5      | Reached skill level 6 in Maces & Flails
  1699 | D:5      | Reached XP level 7. HP: 4/71 MP: 5/9
  1699 | D:5      | HP: 3/71 [poisoned by a centaur]
  1700 | D:5      | RIP
  1700 | D:5      | HP: 1/71 [poisoned by a centaur]
  1701 | D:5      | Succumbed to a centaur's poison

Vault maps used:
D:1:      onia_arrival_pentagram
D:2:      cheibriados_altar_1, lemuel_doored_altar, minitemple, first_bread
D:3:      lemuel_coloured_pillars_altar, ecumenical_altar_2, minmay_vboxes
D:4:      enter_ossuary_3, nicolae_qazlal_general_emergency, uniq_eustachio,
          uniq_sigmund
D:5:      kennysheep_steamy, temple_doors_c, serial_bayou_pond_d,
          minmay_misc_feat_room, kennysheep_generic_room_5, uniq_blork_the_orc,
          uniq_edmund, uniq_prince_ribbit1
Ossuary:  ossuary_tomb_1

Skill      XL: |  1  2  3  4  5  6 |
---------------+-------------------+-----
Maces & Flails | 2 3 4 5 6 |  6.2
Fighting       | 3 4 |  4.9
Dodging        | 2 |  2.9
Invocations    | 1 2 3 |  3.2
Throwing       | |  4.0
Stealth        | |  0.7

Action                   |  1- 3 |  4- 6 |  7- 9 || total
-------------------------+-------+-------+-------++-------
Melee: Mace              |    85 |       |       ||    85
       Flail             |       |   136 |       ||   136
       Dire flail        |       |     8 |       ||     8
Throw: Large rock        |    12 |    13 |       ||    25
       Throwing net      |     5 |     1 |       ||     6
Invok: Bend Time         |       |     2 |       ||     2
  Use: Potion            |     3 |     1 |       ||     4
       Scroll            |     2 |     4 |       ||     6
 Stab: Sleeping          |     1 |     1 |       ||     2
       Held in net/web   |     1 |       |       ||     1
  Eat: Bread ration      |       |     1 |       ||     1
